 Dungeon Crawl Stone Soup version 0.25.1-2-g60ff931df9 (webtiles) character file.

Game seed: 5467953310793948644

37 Impeuri the Sneak (level 3, -1/18 HPs)
             Began as a Vine Stalker Assassin on Aug 20, 2020.
             Slain by a worm (2 damage)
             ... on level 2 of the Dungeon.
             The game lasted 00:01:34 (1192 turns).

Impeuri the Sneak (Vine Stalker Assassin)           Turns: 1192, Time: 00:01:35

Health: -1/18      AC:  3    Str: 12 (13) XL:     3   Next: 39%
Magic:  0/4        EV: 11    Int:  9 (11) God:
Gold:   47         SH:  0    Dex: 15 (16) Spells: 2/2 levels left

rFire    . . .     SeeInvis .   a - +2 dagger
rCold    . . .     Gourm    .   (no shield)
rNeg     . . .     Faith    .   b - +0 robe
rPois    .         Spirit   +   (no helmet)
rElec    .         Reflect  .   c - +0 cloak
rCorr    .         Harm     .   (no gloves)
MR       .....                  (no boots)
Stlth    +++.......             (no amulet)
HPRegen  0.06/turn              (no ring)
MPRegen  0.09/turn              (no ring)

@: mighty
A: fangs 2, magic shield, antimagic bite, no potion heal 3, rot immunity
a: no special abilities


You were on level 2 of the Dungeon.
You were not hungry.

You visited 1 branch of the dungeon, and saw 2 of its levels.

You collected 47 gold pieces.

Inventory:

Hand Weapons
 a - a +2 dagger (weapon)
Missiles
 d - 8 poisoned darts (quivered)
 e - 2 curare-tipped darts
Armour
 b - a +0 robe (worn)
 c - a +0 cloak (worn)
Scrolls
 k - a scroll of amnesia {unknown}
 m - 2 scrolls of remove curse {unknown}
 n - a scroll of enchant weapon {unknown}
 o - a scroll of random uselessness {unknown}
 p - 4 scrolls of identify {unknown}
 r - a scroll of magic mapping {unknown}
Potions
 g - a potion of ambrosia
 i - a potion of degeneration
 j - a potion of might
 l - a potion of heal wounds {unknown}
Comestibles
 f - 4 rations
 h - 5 chunks of flesh


   Skills:
 - Level 1.7 Fighting
 + Level 2.4 Short Blades
 + Level 2.4 Throwing
 - Level 0.7 Dodging
 + Level 5.4 Stealth


You had 2 spell levels left.
You didn't know any spells.
Your spell library was empty.

Dungeon Overview and Level Annotations

Branches:
Dungeon (2/15)

Altars:


Innate Abilities, Weirdness & Mutations

You have extremely sharp teeth.
When hurt, damage is shared between your health and your magic reserves.
Your bite disrupts and absorbs the magic of your enemies.
Potions cannot restore your health.
You are immune to rotting.


Message History

The worm bites you!
* * * LOW HITPOINT WARNING * * *
You hit the worm. You bite the worm, but do no damage.
The worm is heavily wounded.
* * * LOW HITPOINT WARNING * * *
You feel sick.
It was a potion of ambrosia.
You are confused.
Your system rejects the healing.
You feel invigorated.
It was a potion of degeneration.
There was something very wrong with that liquid.
You feel weakened.
You feel dopey.
You feel clumsy. The worm closely misses you.
It was a potion of might.
You feel very mighty all of a sudden.
* * * LOW HITPOINT WARNING * * *
You feel sick.
It was a potion of curing.
Your system rejects the healing.
You feel better.
You feel less invigorated. The worm bites you.
You die...

#.........
#.........
##.........
#.......(..
#..........
#..........
#.$>.......
###w######. #@#
#.# #.# #.# #.# ##
#.###############.
#......(..........
#################.
#.


You could see a worm.

Vanquished Creatures
  An adder (D:2)
  A dart slug (D:2)
  3 bats (D:1)
  3 giant cockroaches
  4 goblins
  4 jackals (D:2)
  2 kobolds (D:2)
  3 frilled lizards
  4 rats
25 creatures vanquished.

Notes
Turn   | Place    | Note
-------+----------+-------------------------------------------
     0 | D:1      | Impeuri the Vine Stalker Assassin began the quest for the
                  | Orb.
     0 | D:1      | Reached XP level 1. HP: 11/11 MP: 2/2
   209 | D:1      | Reached skill level 5 in Stealth
   456 | D:1      | Reached XP level 2. HP: 15/15 MP: 3/3
  1040 | D:2      | Reached XP level 3. HP: 16/18 MP: 2/4
  1192 | D:2      | Slain by a worm

Illustrated notes

Levels and vault maps discovered:
D:1:      matt_arrival_los_fun, layout_basic
D:2:      layout_basic

Skill      XL: |  1 |
---------------+----+-----
Throwing       | 2 |  2.4
Stealth        | 5 |  5.4
Short Blades   | 2 |  2.4
Fighting       | |  1.7
Dodging        | |  0.7

Action                   || total
-------------------------++-------
Melee: Dagger            ||    77
       Bite              ||    23
  Use: Potion            ||     4
 Stab: Sleeping          ||     5
  Eat: Chunk             ||     1
Armor: Robe              ||    17
Dodge: Dodged            ||    46
